Map: Dusty Gorge

Players

Adversity - Winner!

  • Race: Terran Terran
  • Spawn Location: 9:00

Hewett - Winner!

  • Race: Protoss Protoss
  • Spawn Location: 11:00

VincentOB

  • Race: Terran Terran
  • Spawn Location: 5:00

bluebear

  • Race: Zerg Zerg
  • Spawn Location: 3:00

VOD

Have the link to the VOD?

Description

Time

  • Played on: July 18, 2018, 1:38 p.m.
  • Length: 11:35
Show
View Real Time Build Order
Export as new Build Order

Adversity Terran - Winner!

Build Orders:  

Get SALT Encoding   

  12  0:01  SCV  
  13  0:13  SCV  
  14  0:18  Supply Depot  
  14  0:25  SCV  
  15  0:30  Refinery  
  15  0:40  SCV  
  16  0:46  Barracks  
  16  0:52  SCV  
  17  1:04  SCV  
  18  1:16  SCV  
  18  1:18  Barracks  
  19  1:33  Barracks  
  19  1:34  Reaper  
  20  1:41  Orbital Command  
  20  1:54  Supply Depot  
  20  2:05  Reaper  
  20  2:07  Refinery, SCV  
  22  2:08  Reaper  
  23  2:20  Reaper  
  23  2:21  Supply Depot  
  24  2:34  SCV  
  25  2:37  Reaper  
  26  2:44  Reaper  
  26  2:46  SCV  
  28  2:52  Reaper  
  28  2:58  Command Center  
  29  3:12  Reaper  
  29  3:14  SCV  
  29  3:17  Supply Depot  
  29  3:18  Reaper  
  31  3:26  SCV  
  31  3:33  Reaper  
  30  3:38  SCV  
  31  3:46  Reaper  
  32  3:50  Barracks  
  32  3:52  Barracks  
  32  3:53  SCV  
  33  3:56  Reaper  
  34  4:05  SCV  
  34  4:08  Reaper  
  36  4:19  Reaper  
  36  4:22  SCV  
  38  4:28  Orbital Command  
  39  4:37  SCV  
  40  4:46  Supply Depot  
  41  5:03  Reaper  
  41  5:04  Reaper  
  41  5:05  SCV  
  41  5:06  SCV  
  44  5:18  SCV  
  26  5:38  SCV  
  26  5:41  Command Center  
  21  5:45  Barracks x2  
  21  5:47  Barracks  
  18  5:55  SCV  
  19  5:58  Orbital Command  
  15  6:07  SCV  
  13  6:19  SCV  
  13  6:24  SCV  
  15  6:35  Barracks x2, SCV  
  15  6:36  SCV  
  15  6:37  Barracks  
  17  6:48  SCV  
  17  6:50  SCV  
  19  6:58  Barracks  
  19  7:00  Barracks, SCV  
  20  7:02  SCV  
  21  7:11  SCV  
  21  7:12  SCV  
  23  7:20  SCV  
  24  7:26  Barracks Tech Lab  
  24  7:27  Barracks Reactor x2, Orbital Command  
  19  7:39  SCV x2  
  20  7:47  Factory  
  20  7:49  Marine, Stimpack  
  21  7:51  Marine x2  
  21  7:55  Orbital Command  
  21  7:56  SCV  
  24  7:59  SCV  
  24  8:04  Marine x2  
  24  8:05  Marine  
  27  8:08  Marine  
  27  8:09  SCV  
  27  8:11  SCV  
  31  8:19  Marine x2  
  33  8:20  Marine  
  33  8:22  SCV x2  
  36  8:28  SCV  
  36  8:29  Refinery  
  36  8:32  Refinery  
  37  8:38  SCV  
  37  8:44  SCV x2  
  37  8:48  Marine x5  
  40  8:49  Marine x2  
  40  8:50  SCV  
  42  8:56  SCV  
  40  9:06  Marine x6, SCV x2  
  40  9:08  SCV  
  43  9:11  Marine  
  44  9:18  SCV x2  
  44  9:20  SCV  
  44  9:23  Marine  
  44  9:24  Marine  
  48  9:25  Marine x3  
  48  9:26  Marine  
  48  9:29  Marine  
  34  9:41  Marine x2  
  34  9:43  Marine x4  
  36  9:48  SCV x2  
  36  9:49  SCV  
  38  9:58  Orbital Command  
  36  10:02  Marine x7  
  43  10:08  Factory Reactor  
  43  10:10  Starport  
  43  10:13  SCV x2  
  45  10:19  Marine  
  45  10:20  Marine  
  47  10:25  SCV x2  
  47  10:28  SCV  
  50  10:32  Marine x3  
  53  10:38  Marine x2, SCV  
  53  10:42  Supply Depot x2  
  56  10:44  SCV  
  56  10:45  SCV  
  58  11:01  Engineering Bay  
  58  11:02  SCV x2  
  58  11:03  Engineering Bay, SCV  
  65  11:12  Marine  
  63  11:21  SCV x3  
  63  11:24  Refinery  
  66  11:25  Refinery  
  66  11:33  Barracks Reactor x2  
Show
View Real Time Build Order
Export as new Build Order

Hewett Protoss - Winner!

Build Orders: Nexus First, Carriers 

Get SALT Encoding   

  12  0:01  Probe  
  13  0:13  Probe  
  14  0:24  Pylon  
  14  0:37  Probe  
  15  0:49  Probe  
  16  1:01  Probe  
  16  1:05  Nexus  
  16  1:09  Probe  
  18  1:18  Probe  
  18  1:22  Forge  
  19  1:30  Probe  
  20  1:36  Gateway  
  20  1:39  Probe  
  21  1:47  Probe  
  22  1:57  Probe  
  23  2:03  Photon Cannon  
  23  2:04  Pylon  
  23  2:14  Probe x2  
  23  2:22  Probe x2  
  27  2:30  Assimilator  
  27  2:31  Probe  
  27  2:32  Assimilator, Probe  
  29  2:45  Cybernetics Core  
  29  2:46  Assimilator  
  29  2:47  Assimilator, Probe  
  29  2:49  Probe  
  31  3:01  Photon Cannon, Probe  
  32  3:05  Probe  
  33  3:14  Probe, Pylon  
  33  3:18  Probe  
  35  3:26  Probe, Pylon  
  36  3:27  Probe  
  37  3:34  Photon Cannon  
  37  3:35  Probe  
  38  3:44  Probe  
  39  3:49  Stargate  
  39  3:52  Stargate  
  39  3:54  Stargate  
  39  4:02  Photon Cannon  
  39  4:07  Photon Cannon  
  39  4:13  Probe  
  39  4:15  Probe  
  41  4:25  Probe, Shield Battery  
  41  4:27  Void Ray, Probe  
  41  4:28  Void Ray  
  47  4:39  Void Ray  
  55  5:10  Void Ray  
  59  6:01  Pylon  
  59  6:04  Pylon  
  59  6:10  Photon Cannon  
  59  6:14  Fleet Beacon  
  59  6:19  Void Ray x2  
  59  6:20  Pylon x2  
  67  6:26  Nexus  
  67  6:28  Pylon  
  67  6:30  Pylon  
  67  6:35  Void Ray  
  67  6:37  Protoss Air Weapons Level 1  
  67  6:38  Protoss Shields Level 1  
  71  6:42  Gateway  
  71  6:44  Gateway  
  71  6:46  Gateway  
  71  7:03  Photon Cannon  
  67  7:12  Photon Cannon  
  67  7:13  Photon Cannon  
  67  7:14  Shield Battery  
  67  7:16  Photon Cannon  
  67  7:29  Carrier  
  73  7:46  Carrier  
  85  7:53  Carrier  
  85  7:56  Probe  
  85  7:57  Probe  
  87  8:07  Probe  
  87  8:09  Probe  
  89  8:13  Pylon  
  89  8:15  Probe  
  90  8:21  Probe  
  90  8:22  Graviton Catapult  
  90  8:24  Probe  
  90  8:26  Mothership  
  99  8:31  Probe, Warp Gate  
  101  8:36  Twilight Council  
  101  8:39  Probe  
  101  8:43  Assimilator x2  
  101  8:48  Probe  
  109  9:28  Carrier x2  
  104  9:50  Photon Cannon, Carrier  
  104  9:52  Shield Battery  
  104  10:12  Probe  
  105  10:17  Photon Cannon  
  105  10:20  Probe  
  105  10:21  Shield Battery  
  106  10:24  Photon Cannon, Probe  
  106  10:25  Shield Battery  
  107  10:29  Probe  
  107  10:30  Photon Cannon  
  107  10:32  Probe, Pylon  
  109  10:41  Probe  
  109  10:42  Probe  
  110  10:46  Templar Archives  
  111  10:50  Probe  
  111  10:53  Probe  
  111  10:55  Dark Shrine  
  113  10:58  Probe, Shield Battery  
  114  11:05  Probe  
  114  11:10  Probe  
  116  11:32  High Templar x4  
Show
View Real Time Build Order
Export as new Build Order

VincentOB Terran 

Build Orders: 1/1/1, Liberator Opening 

Get SALT Encoding   

  12  0:02  SCV  
  14  0:14  SCV  
  14  0:19  Supply Depot  
  14  0:26  SCV  
  15  0:30  Refinery  
  15  0:41  SCV  
  16  0:46  Barracks  
  16  0:54  SCV  
  17  0:59  Refinery  
  17  1:06  SCV  
  18  1:18  SCV  
  19  1:31  SCV  
  20  1:34  Marine  
  20  1:36  Factory  
  21  1:43  Orbital Command  
  21  1:52  Barracks Reactor  
  21  1:56  Supply Depot  
  22  2:08  SCV  
  22  2:20  SCV  
  22  2:21  Factory Tech Lab  
  23  2:25  Starport  
  23  2:28  Marine  
  24  2:30  Marine  
  24  2:32  SCV  
  26  2:46  Marine  
  26  2:48  Marine  
  28  2:51  Siege Tank  
  28  2:54  Supply Depot  
  31  3:00  Supply Depot  
  31  3:03  SCV  
  31  3:04  Marine  
  31  3:11  Marine  
  29  3:15  SCV  
  29  3:19  Medivac  
  32  3:22  Marine  
  33  3:29  Marine  
  34  3:35  Siege Tank  
  34  3:37  Liberator  
  34  3:40  Marine  
  38  3:41  Supply Depot  
  38  3:47  Marine  
  39  3:55  SCV  
  43  3:58  Marine  
  44  4:04  Marine  
  45  4:13  Siege Tank  
  45  4:15  Marine  
  49  4:22  Marine  
  50  4:55  Marine x2  
  52  5:12  Command Center  
  52  5:13  Marine x2  
  54  5:15  Supply Depot, Starport Reactor  
  54  5:21  Barracks  
  52  5:31  Marine  
  33  5:58  Viking x2  
  33  5:59  SCV  
  33  6:03  Factory Reactor  
  38  6:07  Barracks, Marine x2  
  40  6:15  SCV  
  41  6:24  Orbital Command  
  41  6:25  Marine  
  42  6:27  Refinery, Stimpack  
  42  6:29  Marine x2  
  42  6:30  Medivac  
  42  6:31  Medivac  
  48  6:34  SCV  
  49  6:43  Marine  
  49  6:45  Widow Mine x2  
  49  6:46  Marine  
  54  6:47  Marine  
  56  6:54  Marine  
  56  7:00  Marine  
  58  7:04  Marine  
  58  7:05  Marine  
  59  7:10  Medivac x2  
  59  7:12  Marine, Widow Mine x2  
  68  7:18  Marine  
  68  7:20  SCV  
  68  7:21  SCV  
  68  7:22  Marine x2  
  73  7:36  Marine  
  74  7:37  Marine  
  74  7:40  Medivac, Marine  
  78  7:47  Medivac, SCV, Widow Mine x2  
  78  7:49  Supply Depot  
  85  7:56  Marine  
  66  8:06  Marine  
  66  8:11  Marine x2  
  70  8:13  Medivac, Marine, Widow Mine x2  
  70  8:14  SCV x2  
  76  8:26  Marine, SCV  
  78  8:29  Marine x2  
  78  8:31  Marine  
  81  8:35  Combat Shield  
  81  8:40  Engineering Bay  
  81  8:43  Marine  
  81  8:47  Marine x2  
  84  8:49  Marine  
  84  8:54  Command Center  
  85  8:56  SCV  
  85  9:01  Marine  
  87  9:04  Marine  
  87  9:05  Marine  
  87  9:07  Marine  
  86  9:19  Marine  
  86  9:22  Marine  
  66  9:40  Marine  
  63  9:47  Marine x3  
  61  9:57  SCV x2  
  61  9:58  Marine  
  60  10:04  Marine  
  60  10:05  Marine x2  
  60  10:06  Refinery  
  63  10:08  Concussive Shells  
  63  10:09  Widow Mine, SCV x2, Command Center  
  63  10:10  Widow Mine  
  69  10:16  Marine  
  70  10:21  SCV  
  70  10:22  Marine  
  70  10:23  Medivac x2, Marine x2  
  78  10:29  Supply Depot, Factory, SCV  
  78  10:33  Marine  
  80  10:38  SCV  
  80  10:39  Barracks  
  80  10:40  Marine x3  
  84  10:51  Marine  
  84  10:54  SCV  
  84  10:55  SCV  
  87  10:57  Viking x2  
  87  10:58  Marine x3  
  87  10:59  Widow Mine x2  
  98  11:07  SCV  
  98  11:09  Marine  
  97  11:16  Marine x2  
Show
View Real Time Build Order
Export as new Build Order

bluebear Zerg 

Build Orders: Pool First 

Get SALT Encoding   

  12  0:01  Drone  
  13  0:17  Drone  
  13  0:20  Extractor  
  13  0:23  Drone  
  15  0:32  Overlord  
  15  0:47  Spawning Pool  
  14  0:50  Drone  
  14  0:51  Drone x2  
  17  1:12  Drone  
  17  1:13  Extractor  
  17  1:26  Drone  
  17  1:29  Hatchery  
  17  1:34  Queen  
  19  1:44  Drone x2  
  21  1:52  Roach Warren  
  20  1:59  Overlord  
  20  2:10  Queen  
  22  2:33  Roach  
  22  2:34  Roach  
  22  2:35  Metabolic Boost  
  26  2:46  Queen  
  26  2:50  Drone x2  
  26  2:51  Drone  
  31  2:55  Drone  
  32  3:10  Zergling x8  
  36  3:16  Overlord  
  36  3:35  Zergling x10  
  41  3:41  Ravager x2  
  43  3:52  Zergling x2  
  43  3:53  Overlord  
  44  4:00  Overlord  
  43  4:11  Zergling x4  
  43  4:12  Overlord  
  44  4:30  Zergling x6  
  44  4:31  Zergling x6  
  49  4:44  Zergling x4  
  49  4:45  Zergling x6  
  54  4:55  Zergling x2  
  54  5:06  Zergling x8  
  56  5:21  Lair  
  56  5:22  Queen  
  37  6:17  Zergling x8  
  37  6:18  Queen x2  
  38  6:27  Evolution Chamber  
  38  6:29  Hatchery  
  38  6:30  Drone x4  
  40  6:33  Hatchery  
  40  6:40  Zergling x4  
  41  6:52  Drone  
  41  6:53  Drone x4  
  41  6:54  Zerg Missile Weapons Level 1  
  45  7:08  Drone, Overlord  
  45  7:10  Drone x2  
  45  7:15  Evolution Chamber  
  46  7:18  Overlord  
  46  7:19  Drone  
  47  7:24  Spore Crawler  
  47  7:25  Drone  
  45  7:39  Drone x4  
  45  7:40  Drone x2  
  45  7:41  Zerg Melee Weapons Level 1  
  49  7:48  Drone x3  
  52  8:06  Zergling x4  
  52  8:08  Zergling x10  
  59  8:18  Zergling x2  
  59  8:19  Hatchery, Zergling x12  
  65  8:24  Zergling x10  
  70  8:29  Zergling x8  
  73  8:41  Zergling x10  
  78  8:53  Queen  
  78  8:55  Zerg Ground Armor Level 1  
  75  9:06  Zergling x2  
  75  9:07  Zergling x12  
  75  9:29  Zergling x2  
  75  9:30  Zergling x16  
  75  9:31  Zergling x14  
  85  9:37  Drone  
  85  9:38  Drone x5  
  77  10:00  Drone x7  
  77  10:01  Drone  
  77  10:02  Zergling x2  
  84  10:07  Zergling x2  
  83  10:21  Zergling x16  
  79  10:27  Spore Crawler  
  85  10:30  Spore Crawler  
  84  10:36  Hatchery  
  84  10:38  Infestation Pit  
  82  10:51  Zergling x8  
  82  10:52  Overlord  
  82  10:53  Overlord x2  
  84  11:03  Overlord x2  
Tags
 
Add a new tag
Caveats
  • Supply blocks, unpowered buildings, or Contaminate may cause inaccurate times.
  • Supply counts are checked every 10 seconds.